 Dungeon Crawl Stone Soup version 0.29-a0-830-gcb1280458a (webtiles) character file.

Game seed: 7811296592530642309

4 RBrandon the Trooper (level 1, -1/18 HPs)
             Began as a Demonspawn Monk on July 12, 2022.
             Slain by a jackal (3 damage)
             ... on level 1 of the Dungeon.
             The game lasted 00:00:21 (40 turns).

RBrandon the Trooper (Demonspawn Monk)                Turns: 40, Time: 00:00:21

Health: -1/18      AC:  2    Str: 11    XL:     1   Next: 50%
Magic:  1/1        EV: 13    Int: 11    God:
Gold:   15         SH:  0    Dex: 15    Spells: 0/0 levels left

rFire   . . .      SeeInvis .   a - +0 falchion
rCold   . . .      Faith    .   (no shield)
rNeg    + . .      Spirit   .   b - +0 robe
rPois   .          Reflect  .   (no helmet)
rElec   .          Harm     .   (no cloak)
rCorr   .          Rampage  .   (no gloves)
Will    .....                   (no boots)
Stlth   ++........              (no amulet)
HPRegen 0.06/turn               d - ring of positive energy
MPRegen 0.07/turn               (no ring)

@: no status effects
A: no striking features
a: no special abilities


You were on level 1 of the Dungeon.
You visited 1 branch of the dungeon, and saw 1 of its levels.

You collected 15 gold pieces.

Inventory:

Hand Weapons
 a - a +0 falchion (weapon)
Armour
 b - a +0 robe (worn)
Jewellery
 d - a ring of positive energy (left hand)
Potions
 c - a potion of ambrosia
 e - a potion of mutation {unknown}


   Skills:
 + Level 3.0 Fighting
 + Level 2.7 Long Blades
 + Level 2.7 Dodging
 + Level 1.9 Stealth


You couldn't memorise any spells.
You didn't know any spells.
Your spell library was empty.

Dungeon Overview and Level Annotations

Branches:
Dungeon (1/15)

Altars:


Message History

The jackal barely misses you. The jackal misses you.
A jackal comes into view.
The jackal closely misses you. The jackal barely misses you.
The jackal attacks as you move away! The jackal bites you.
You closely miss the jackal.
A jackal comes into view.
The jackal bites you. x2
The jackal barks!
You slash the jackal!
You kill the jackal!
You hear a bark!
The jackal bites you.
You barely miss the jackal. The jackal closely misses you.
The jackal barely misses you.
You completely miss the jackal.
The jackal bites you but does no damage.
The jackal bites you.
You hit the jackal.
The jackal is severely wounded.
The jackal misses you. The jackal barely misses you.
You hit the jackal.
You kill the jackal!
The jackal barely misses you. The jackal bites you.
You hit the jackal but do no damage. The jackal barely misses you.
The jackal closely misses you. The jackal completely misses you.
The jackal bites you.
You barely miss the jackal.
The jackal bites you but does no damage.
The jackal barely misses you.
You hit the jackal but do no damage. The jackal bites you.
* * * LOW HITPOINT WARNING * * *
The jackal bites you.
* * * LOW HITPOINT WARNING * * *
The jackal bites you.
* * * LOW HITPOINT WARNING * * *
The jackal bites you.
* * * LOW HITPOINT WARNING * * *
You hit the jackal but do no damage. The jackal barely misses you.
The jackal bites you.
You die...

## #.# #.#
##.##############
#...##..........##
#...#........$...#.
##...##.............
###....@#.)...........
#....<.hh......h......
#.#.....#.............
##...##.............
#...#............#.
#...##..........##
##.########.##### #.#
.. #.# .#


You could see 2 jackals.

Vanquished Creatures
  2 jackals (D:1)
  A kobold (D:1)
3 creatures vanquished.

Notes
Turn   | Place    | Note
-------+----------+-------------------------------------------
     0 | D:1      | RBrandon the Demonspawn Monk began the quest for the Orb.
     0 | D:1      | Reached XP level 1. HP: 18/18 MP: 1/1
    40 | D:1      | Slain by a jackal

Illustrated notes

Levels and vault maps discovered:
D:1:      dpeg_arrival_rhombus, layout_rooms, hangedman_decor_growths,
          chequers_serial_rivers_micro_a

Action                   || total
-------------------------++-------
Melee: Falchion          ||    11
Armor: Robe              ||     2
Dodge: Dodged            ||    14

Table legend: (Time is in decaauts)
 A = Elapsed time spent in this place.
 B = Non-inter-level travel time spent in this place.
 C = Inter-level travel time spent in this place.
 D = Time resting spent in this place.
 E = Time spent auto-exploring this place.
 F = Levels seen in this place.
 G = Mean time per level.
                   A        B        C        D        E       F      G
               +--------+--------+--------+--------+--------+-----+--------+
         Total |     41 |     41 |      0 |      0 |      6 |   1 |   41.0 |
       Dungeon |     41 |     41 |      0 |      0 |      6 |   1 |   41.0 |
               +--------+--------+--------+--------+--------+-----+--------+

Top non-repeatable levels by time:
     D:1: 41 daAuts

Table legend:
 A = Kills in this place as a percentage of kills in entire the game.
 B = Kills by you in this place as a percentage of kills by you in the entire game.
 C = Kills by friends in this place as a percentage of kills by friends in the entire game.
 D = Other kills in this place as a percentage of other kills in the entire game.
 E = Experience gained in this place as a percentage of experience gained in the entire game.
 F = Experience gained in this place divided by the number of levels of this place that you have seen.
                   A       B       C       D       E      F
               +-------+-------+-------+-------+-------+----------------------
         Total | 100.0 | 100.0 |   N/A |   N/A | 100.0 |   6.0
       Dungeon | 100.0 | 100.0 |   N/A |   N/A | 100.0 |   6.0
               +-------+-------+-------+-------+-------+----------------------
